 Dungeon Crawl Stone Soup version 0.27.1 (webtiles) character file.

Game seed: 18261713711224787508

39 ZARRMARR the Skirmisher (level 3, -5/34 HPs)
             Began as a Minotaur Berserker on Aug 26, 2021.
             Was a Believer of Trog.
             Slain by a worm (7 damage)
             ... on level 2 of the Dungeon.
             The game lasted 00:03:52 (869 turns).

ZARRMARR the Skirmisher (Minotaur Berserker)         Turns: 869, Time: 00:03:53

Health: -5/34      AC:  2    Str: 22    XL:     3   Next: 28%
Magic:  2/2        EV: 13    Int:  4    God:    Trog [**....]
Gold:   119        SH:  7    Dex:  9    Spells: 2/2 levels left

rFire    . . .     SeeInvis .   a - +0 mace
rCold    . . .     Faith    .   h - +0 kite shield
rNeg     . . .     Spirit   .   b - +0 animal skin
rPois    .         Reflect  .   (helmet restricted)
rElec    .         Harm     .   (no cloak)
rCorr    .         Rampage  .   (no gloves)
Will     .....                  (no boots)
Stlth    +.........             (no amulet)
HPRegen  0.11/turn              g - +4 ring of evasion
MPRegen  0.08/turn              (no ring)

@: no status effects
A: horns 2, retaliatory headbutt
a: Renounce Religion, Berserk, Trog's Hand


You were on level 2 of the Dungeon.
You worshipped Trog.
Trog was pleased with you.
You visited 1 branch of the dungeon, and saw 2 of its levels.

You collected 119 gold pieces.

Inventory:

Hand Weapons
 a - a +0 mace (weapon)
 m - a +2 broad axe of flaming
Missiles
 f - 18 poisoned darts (quivered)
Armour
 b - a +0 animal skin (worn)
 h - a +0 kite shield (worn)
Jewellery
 g - a +4 ring of evasion (left hand)
Potions
 c - a potion of haste
 d - a potion of berserk rage
 e - 2 potions of mutation
 i - a potion of lignification {unknown}
 j - a potion of curing {unknown}
 k - a potion of resistance {unknown}


   Skills:
 + Level 4.5 Fighting
 + Level 4.3 Maces & Flails
 + Level 2.6 Armour
 + Level 2.5 Dodging


You had 2 spell levels left.
You didn't know any spells.
Your spell library was empty.

Dungeon Overview and Level Annotations

Branches:
Dungeon (2/15)

Altars:

Shops:
D:2 (


Innate Abilities, Weirdness & Mutations

You have a pair of horns on your head.
You reflexively headbutt those who attack you in melee.


Message History

You block the quokka's attack. The worm bites you!
You barely miss the quokka.
The quokka is moderately wounded.
The quokka misses you. The quokka barely misses you.
You block the worm's attack.
You completely miss the quokka. Your headbutt misses the quokka.
The quokka is moderately wounded.
The quokka closely misses you. You block the quokka's attack.
You barely miss the quokka.
The quokka is moderately wounded.
The quokka barely misses you. You furiously retaliate!
You headbutt the quokka. The worm bites you! You block the quokka's attack.
You hit the quokka.
The quokka is almost dead.
The quokka misses you. The worm bites you. The quokka barely misses you.
You barely miss the quokka. Your headbutt misses the quokka.
The quokka is almost dead.
The quokka closely misses you. You furiously retaliate!
You headbutt the quokka!
You kill the quokka!
Trog accepts your kill. The worm misses you.
You thump the worm! You headbutt the worm!
The worm is almost dead.
The worm bites you!
* * * LOW HITPOINT WARNING * * *
You hit the worm but do no damage. Your headbutt misses the worm.
The worm is almost dead.
You block the worm's attack.
You barely miss the worm.
The worm is almost dead.
The worm bites you.
* * * LOW HITPOINT WARNING * * *
You hit the worm.
The worm is almost dead.
You block the worm's attack.
You hit the worm. Your headbutt misses the worm.
The worm is almost dead.
The worm bites you!
You die...

#. ....... .. #.. .......
....#.. ....... ......#...
....$. ...#.....##....###
#...##.......[..##..
#........†w.#....#.#.....#
..#....#.@#.##...........#
..r....#..................
#.........##.#........ #.
#....####.............
....###.....#...............
................#...........
.....##..#.#................
.##........#.#..............
.......#.###..#.............


You could see a worm.

Vanquished Creatures
  A worm (D:2)
  2 bats (D:1)
  6 endoplasms
  2 giant cockroaches (D:1)
  3 goblins (D:1)
  2 hobgoblins (D:1)
  2 jackals (D:1)
  2 kobolds (D:1)
  3 quokkas
  A ball python (D:1)
  A frilled lizard (D:1)
  7 rats
32 creatures vanquished.

Notes
Turn   | Place    | Note
-------+----------+-------------------------------------------
     0 | D:1      | ZARRMARR the Minotaur Berserker began the quest for the
                  | Orb.
     0 | D:1      | Reached XP level 1. HP: 19/19 MP: 0/0
    96 | D:1      | Reached XP level 2. HP: 27/27 MP: 1/1
   255 | D:1      | Found a faded altar of an unknown god.
   384 | D:1      | Reached XP level 3. HP: 34/34 MP: 2/2
   386 | D:1      | Reached ** piety under Trog
   706 | D:2      | Found Ykkuwk's Weapon Shoppe.
   869 | D:2      | Slain by a worm

Illustrated notes

Levels and vault maps discovered:
D:1:      tarquinn_simple_flora_water_a, layout_rooms,
          dreamdust_ecumenical_altar_hidden_monk_grotto
D:2:      layout_rooms, serial_shops, shop_coins, cheibrodos_gnoll_hut

Skill      XL: |  1  2 |
---------------+-------+-----
Fighting       | 4 |  4.5
Maces & Flails | 4 |  4.3
Armour         | |  2.6
Dodging        | |  2.5

Action                   || total
-------------------------++-------
Melee: Mace              ||    55
       Headbutt          ||     9
Throw: Dart              ||     3
Invok: Berserk           ||     4
  Use: Scroll            ||     3
Armor: Animal skin       ||     9
Dodge: Dodged            ||    35
Block: Kite shield       ||    14
